 Dungeon Crawl Stone Soup version 0.31.0-9-g3a7656b989 (webtiles) character file.

Game seed: 3448399188293958011

32 qw the Shooter (level 3, 0/20 HPs)
             Began as a Deep Elf Hunter on Feb 2, 2024.
             Succumbed to their own poison gas
             ... on level 1 of the Dungeon.
             The game lasted 00:00:02 (790 turns).

qw the Shooter (Deep Elf Hunter)                     Turns: 790, Time: 00:00:03

Health: 0/20       AC:  6    Str: 10    XL:     3   Next: 8%
Magic:  5/5        EV: 11    Int: 13    God:
Gold:   33         SH:  0    Dex: 18    Spells: 2/2 levels left

rFire   . . .        a - +2 shortbow
rCold   . . .        (shield currently unavailable)
rNeg    + . .        i - +1 ring mail {rN+}
rPois   .            (no helmet)
rElec   .            (no cloak)
rCorr   .            (no gloves)
SInv    .            (no boots)
Will    .....        (no amulet)
Stlth   +            (no ring)
HPRegen 0.23/turn    (no ring)
MPRegen 0.09/turn

%: no passive effects
@: lethally poisoned (0 -> -1)
A: no striking features
a: no special abilities


You were on level 1 of the Dungeon.
You visited 1 branch of the dungeon, and saw 1 of its levels.

You collected 33 gold pieces.


   Skills:
 - Level 1.5 Fighting
 + Level 6.7 Ranged Weapons
 - Level 2.4 Dodging
 - Level 1.2 Stealth


You had 2 spell levels left.
You didn't know any spells.
Your spell library was empty.

Inventory:

Hand Weapons
 a - a +2 shortbow (weapon)
Armour
 i - a +1 ring mail of positive energy (worn)
Potions
 f - a potion of might {unknown}
 g - a potion of enlightenment {unknown}
 l - a potion of curing {unknown}

Dungeon Overview and Level Annotations

Branches:
Dungeon (1/15)

Altars:


Message History

Done exploring.
778 ||| DROPPING potion of invisibility.
You drop a potion of invisibility.
Done exploring.
779 ||| DROPPING scroll of amnesia.
You drop a scroll of amnesia.
Done exploring.
What level of the Dungeon? (default 1, ? - help) Sorry, I don't know how to get there.
Enter note:
Enter note:
Enter note:
Enter note:
Enter note:
Enter note:
Enter note:
Enter note:
Enter note: You are engulfed in poison gas.
You are poisoned.
You feel very sick.
781 ||| Stepping ~*~*~tactically~*~*~ (cloud).
You feel very sick.
Items here: ! ?? [.
There is a lethal amount of poison in your body!
You feel very sick.
There is a lethal amount of poison in your body!
You feel sick.
There is a lethal amount of poison in your body!
You feel sick.
There is a lethal amount of poison in your body!
You feel sick.
There is a lethal amount of poison in your body!
You feel sick.
There is a lethal amount of poison in your body!
You feel sick.
There is a lethal amount of poison in your body!
You feel sick.
There is a lethal amount of poison in your body!
You feel sick.
There is a lethal amount of poison in your body!
You die...

#.....###.....#..#.###
##....<#
#.....##...###
#.....##
##.....#...... #..#.0#
#..#..###.### #00#.0#
#..#..###.### #....0##
##.....#......
##0.00.#
#.....####.###
#0..00###0....# #.#
##...@00.00..## #.#
#####0.0.#....## #.#
#...######..### #.###
#.### #....#.# #....
#.# ##.....# #####
#.##########.#
#............#
#..#########.# #..####
#.########


There were no monsters in sight!

Vanquished Creatures
  A dart slug (D:1)
  2 bats (D:1)
  5 endoplasms (D:1)
  A giant cockroach (D:1)
  3 hobgoblins (D:1)
  2 jackals (D:1)
  3 quokkas (D:1)
  3 ball pythons (D:1)
  A frilled lizard (D:1)
  2 kobolds (D:1)
  2 rats (D:1)
25 creatures vanquished.

Notes
Turn   | Place    | Note
-------+----------+-------------------------------------------
     0 | D:1      | qw the Deep Elf Hunter began the quest for the Orb.
     0 | D:1      | Reached XP level 1. HP: 12/12 MP: 3/3
     0 | D:1      | 0 ||| qw: Version: 0.3-a-155-g5e7d8dd
     0 | D:1      | 0 ||| qw: Game counter: 969
     0 | D:1      | 0 ||| qw: Melee chars always use a shield: true
     0 | D:1      | 0 ||| qw: God list: Okawaru
     0 | D:1      | 0 ||| qw: Allow faded altars: false
     0 | D:1      | 0 ||| qw: Do Orc after clearing Dungeon:15 true
     0 | D:1      | 0 ||| qw: Do second Lair branch before Depths: true
     0 | D:1      | 0 ||| qw: Lair rune preference: random
     0 | D:1      | 0 ||| qw: Goals: Normal
     0 | D:1      | 0 ||| PLANNING D:1-11
   232 | D:1      | Reached skill level 6 in Ranged Weapons
   232 | D:1      | Reached XP level 2. HP: 16/16 MP: 4/4
   615 | D:1      | Reached XP level 3. HP: 20/20 MP: 5/5
   761 | D:1      | 761 ||| UPGRADING to +1 ring mail of positive energy.
   771 | D:1      | 771 ||| DROPPING +0 leather armour.
   772 | D:1      | 772 ||| READING 2 scrolls labelled UFOUDU TEIHAS.
   772 | D:1      | 772 ||| ENCHANTING +0 shortbow.
   773 | D:1      | 773 ||| READING scroll of enchant weapon.
   773 | D:1      | 773 ||| ENCHANTING +1 shortbow.
   774 | D:1      | 774 ||| READING scroll labelled YRE AHAWUIT.
   775 | D:1      | 775 ||| READING 2 scrolls labelled VUTIHISA TACWIO.
   776 | D:1      | 776 ||| READING scroll labelled SEIPHU NATE.
   776 | D:1      | 776 ||| IDENTIFYING blue potion
   777 | D:1      | 777 ||| DROPPING scroll of butterflies.
   778 | D:1      | 778 ||| DROPPING potion of invisibility.
   779 | D:1      | 779 ||| DROPPING scroll of amnesia.
   781 | D:1      | 781 ||| Stepping ~*~*~tactically~*~*~ (cloud).
   784 | D:1      | HP: 5/20 [poisoned by you (poison gas)]
   788 | D:1      | HP: 2/20 [poisoned by you (poison gas)]
   790 | D:1      | Succumbed to their own poison gas

Levels and vault maps discovered:
D:1:      minmay_arrival_loop, layout_loops_ring, serial_bayou,
          serial_bayou_ford_a, serial_bayou_shore_b, serial_bayou_pond_a,
          serial_bayou_pond_e, grunt_decor_arrowhead

Skill      XL: |  1 |
---------------+----+-----
Ranged Weapons | 6 |  6.7
Fighting       | |  1.5
Dodging        | |  2.4
Stealth        | |  1.2

Action                     || total
---------------------------++-------
   Fire: Shortbow          ||    70
    Use: Scroll            ||     5
 Armour: Leather armour    ||    10
  Dodge: Dodged            ||    13

Table legend:
 A = Non-vault XP
 B = Vault XP
 C = Vault XP percentage of total XP
 D = Non-vault monster count
 E = Vault monster count
 F = Vault count percentage of total count
                 A         B        C        D         E       F
            +---------+---------+-------+---------+---------+-------
      Total |      46 |       0 |   0.0 |      25 |       0 |   0.0
            +---------+---------+-------+---------+---------+-------
        D:1 |      46 |       0 |   0.0 |      25 |       0 |   0.0
            +---------+---------+-------+---------+---------+-------
